 Dungeon Crawl Stone Soup version 0.27-a0-1154-gfdeffcb720 (webtiles) character file.

Game seed: 10719045248925230929

20 leviel the Covered (level 2, -2/25 HPs)
             Began as a Minotaur Wanderer on May 14, 2021.
             Succumbed to a gnoll's poison
             ... on level 1 of the Dungeon.
             The game lasted 00:00:33 (414 turns).

leviel the Covered (Minotaur Wanderer)               Turns: 414, Time: 00:00:33

Health: -2/25      AC:  6    Str: 15    XL:     2   Next: 58%
Magic:  1/1        EV:  7    Int:  9    God:
Gold:   19         SH:  8    Dex: 10    Spells: 1/1 levels left

rFire    . . .     SeeInvis .   a - +0 hand axe
rCold    . . .     Faith    .   b - +0 kite shield
rNeg     . . .     Spirit   .   c - +0 ring mail
rPois    .         Reflect  .   (helmet restricted)
rElec    .         Harm     .   (no cloak)
rCorr    .         Rampage  .   (no gloves)
Will     .....                  (no boots)
Stlth    ..........             (no amulet)
HPRegen  0.08/turn              (no ring)
MPRegen  0.07/turn              (no ring)

@: lethally poisoned (-2 -> -16)
A: horns 2, retaliatory headbutt
a: no special abilities


You were on level 1 of the Dungeon.
You visited 1 branch of the dungeon, and saw 1 of its levels.

You collected 19 gold pieces.

Inventory:

Hand Weapons
 a - a +0 hand axe (weapon)
Armour
 b - a +0 kite shield (worn)
 c - a +0 ring mail (worn)
Scrolls
 e - a scroll of blinking {unknown}
 f - a scroll of identify {unknown}
Potions
 d - a potion of haste {unknown}
 g - a potion of resistance {unknown}


   Skills:
 + Level 2.4 Fighting
 * Level 1.2(1.5) Axes
 + Level 1.2(1.5) Maces & Flails
 + Level 1.1 Bows
 + Level 5.3 Armour
 + Level 2.7 Shields


You had one spell level left.
You didn't know any spells.
Your spell library was empty.

Dungeon Overview and Level Annotations

Branches:
Dungeon (1/15)

Altars:


Innate Abilities, Weirdness & Mutations

You have a pair of horns on your head.
You reflexively headbutt those who attack you in melee.


Message History

You hit the gnoll but do no damage.
The gnoll is heavily wounded.
The gnoll hits you with a +0 whip of venom.
You hit the gnoll but do no damage. You headbutt the gnoll.
The gnoll is severely wounded.
The gnoll hits you with a +0 whip of venom!
You are poisoned.
The gnoll hits you with a +0 whip of venom.
You are more poisoned.
You closely miss the gnoll. You headbutt the gnoll.
You kill the gnoll!
* * * LOW HITPOINT WARNING * * *
You feel extremely sick.
You are too injured to fight recklessly!
You are too injured to fight recklessly!
You are too injured to fight recklessly!
You are too injured to fight recklessly!
You are too injured to fight recklessly!
You are too injured to fight recklessly!
You are too injured to fight recklessly!
You are too injured to fight recklessly!
You are too injured to fight recklessly!
You are too injured to fight recklessly!
You are too injured to fight recklessly!
You are too injured to fight recklessly!
You are too injured to fight recklessly!
You are too injured to fight recklessly!
You are too injured to fight recklessly!
You are too injured to fight recklessly!
You are too injured to fight recklessly!
There is a lethal amount of poison in your body!
There is a lethal amount of poison in your body!
There is a lethal amount of poison in your body!
There is a lethal amount of poison in your body!
There is a lethal amount of poison in your body!
Unknown command.
Unknown command.
* * * LOW HITPOINT WARNING * * *
You feel very sick.
You die...

#.#
#.##.###...##
#..# #.#
#.##.# ##.##
#..# #.#
#.##.# #.#
#..#
#.###.##.#
#.# #..#
#........#
#.# #..#
#####.####
#.# #... #.#
#.# #.# #.#
#@# #^#
#.).......#
###########


There were no monsters in sight!

Vanquished Creatures
  A gnoll (D:1)
  2 endoplasms (D:1)
  2 giant cockroaches (D:1)
  A goblin (D:1)
  A kobold (D:1)
  A quokka (D:1)
  A frilled lizard (D:1)
9 creatures vanquished.

Notes
Turn   | Place    | Note
-------+----------+-------------------------------------------
     0 | D:1      | leviel the Minotaur Wanderer began the quest for the Orb.
     0 | D:1      | leviel set off with the following items: a +0 hand axe, a
                  | +0 kite shield, a +0 ring mail
     0 | D:1      | Reached XP level 1. HP: 18/18 MP: 0/0
   101 | D:1      | Reached skill level 5 in Armour
   197 | D:1      | Reached XP level 2. HP: 25/25 MP: 1/1
   362 | D:1      | Reached skill level 1 in Axes
   413 | D:1      | HP: 1/25 [poisoned by a gnoll]
   414 | D:1      | Succumbed to a gnoll's poison

Illustrated notes

Levels and vault maps discovered:
D:1:      dpeg_arrival_tiny_a, layout_loops_ring

Skill      XL: |  1  2 |
---------------+-------+-----
Armour         | 5 |  5.3
Axes           | 1 |  1.2
Fighting       | |  2.4
Maces & Flails | |  1.2
Bows           | |  1.1
Shields        | |  2.7

Action                   || total
-------------------------++-------
Melee: Hand axe          ||    37
       Headbutt          ||     3
Armor: Ring mail         ||    19
Dodge: Dodged            ||    16
Block: Kite shield       ||    15

Table legend: (Time is in decaauts)
 A = Elapsed time spent in this place.
 B = Non-inter-level travel time spent in this place.
 C = Inter-level travel time spent in this place.
 D = Time resting spent in this place.
 E = Time spent auto-exploring this place.
 F = Levels seen in this place.
 G = Mean time per level.
                   A        B        C        D        E       F      G
               +--------+--------+--------+--------+--------+-----+--------+
         Total |    432 |    432 |      0 |      0 |    349 |   1 |  432.0 |
       Dungeon |    432 |    432 |      0 |      0 |    349 |   1 |  432.0 |
               +--------+--------+--------+--------+--------+-----+--------+

Top non-repeatable levels by time:
     D:1: 432 daAuts
